 Dungeon Crawl Stone Soup version 0.30.0-16-gbe6223bb7e (webtiles) character file.

Game seed: 15829150863714422058

76475 Twinkles the Fighter (level 15, -7/139 HPs)
             Began as a Black Draconian Delver on May 20, 2023.
             Was an Elder of Vehumet.
             Mangled by a polar bear (27 damage)
             ... on level 4 of the Lair of Beasts on May 21, 2023.
             The game lasted 01:19:48 (20333 turns).

Twinkles the Fighter (Black Draconian Delver)      Turns: 20333, Time: 01:19:48

Health: -7/139     AC:  0    Str: 15    XL:     15   Next: 12%
Magic:  16/28      EV: 20    Int: 16    God:    Vehumet [****..]
Gold:   1315       SH:  5    Dex: 14    Spells: 10/32 levels left

rFire   . . .        s - melded +2 quarterstaff (drain)
rCold   . . .        (shield currently unavailable)
rNeg    . . .        (body armour unavailable)
rPois   .            (helmet currently unavailable)
rElec   .            O - melded +0 cloak
rCorr   .            y - melded +1 pair of gloves
SInv    .            Q - melded +1 pair of boots {Fly}
Will    +....        p - amulet of reflection
Stlth   +++          h - melded +6 ring of intelligence
HPRegen 0.43/turn    o - melded ring of magical power
MPRegen 0.21/turn

%: reflection
@: about to teleport, pig-form, very quick
A: fast, no casting, (breathe lightning), AC +9, small, unfitting armour, (big
wings), (electricity resistance), (cold-blooded)
a: Renounce Religion


You were on level 4 of the Lair of Beasts.
You worshipped Vehumet.
Vehumet was greatly pleased with you.
You were a filthy swine.
You visited 3 branches of the dungeon, and saw 16 of its levels.
You also visited: Bailey.

You collected 1315 gold pieces.

Inventory:

Hand Weapons
 s - a +2 quarterstaff of draining (melded)
Missiles
 g - a throwing net
 i - 31 poisoned darts
 K - 21 boomerangs
 L - 8 curare-tipped darts
Armour
 b - an orb of mayhem
 c - a +0 pair of boots
 y - a +1 pair of gloves (melded)
 O - a +0 cloak (melded)
 Q - a +1 pair of boots of flying (melded)
Jewellery
 h - a +6 ring of intelligence (melded)
 o - a ring of magical power (melded)
 p - an amulet of reflection (around neck)
 r - a ring of protection from fire
 x - a +6 ring of dexterity
 A - a ring of ice
 R - a +4 ring of protection
Wands
 d - a wand of digging (3)
 e - a wand of charming (7)
 f - a wand of quicksilver (7)
 j - a wand of polymorph (13)
 q - a wand of flame (29)
 D - a wand of roots (7)
Scrolls
 k - a scroll of enchant armour
 l - 2 scrolls of silence {unknown}
 m - a scroll of immolation {unknown}
 n - a scroll of vulnerability {unknown}
 v - a scroll of amnesia
 w - 2 scrolls of poison {unknown}
 E - a scroll of torment {unknown}
 F - 5 scrolls of fog
 G - a scroll of summoning {unknown}
 I - 2 scrolls of enchant weapon {unknown}
 S - 2 scrolls of noise {unknown}
 U - a scroll of acquirement {unknown}
 X - 2 scrolls of magic mapping
 Y - a scroll of teleportation
 Z - 3 scrolls of identify
Potions
 a - a potion of invisibility {unknown}
 t - a potion of degeneration {unknown}
 u - 2 potions of attraction {unknown}
 B - 2 potions of flight {unknown}
 C - 2 potions of mutation {unknown}
 H - 4 potions of haste
 J - 5 potions of curing
 M - 3 potions of might
 N - 2 potions of brilliance {unknown}
 P - 4 potions of lignification
 T - 3 potions of heal wounds {unknown}
 V - 2 potions of resistance {unknown}
 W - a potion of cancellation {unknown}
Miscellaneous
 z - a box of beasts


   Skills:
 + Level 14.9 Fighting
 - Level 2.4 Short Blades
 - Level 5.9 Staves
 + Level 10.8 Dodging
 - Level 4.5 Stealth
 - Level 9.1 Spellcasting
 + Level 9.2 Conjurations
 - Level 6.9 Translocations
 - Level 4.8 Fire Magic
 + Level 7.0 Air Magic


You had 10 spell levels left.
You knew the following spells:

 Your Spells              Type           Power      Damage    Failure   Level
a - Foxfire               Conj/Fire      100%       2x1d9     1%          1
b - Shock                 Conj/Air       100%       1d9       1%          1
c - Iskenderun's Mystic   Conj/Tloc      33%        2d8       1%          4
d - Stone Arrow           Conj/Erth      44%        3d9       1%          3
e - Dazzling Flash        Conj/Hex       44%        N/A       1%          3
f - Airstrike             Air            14%        2d(3-19)  1%          4
g - Swiftness             Air            29%        N/A       1%          3
h - Mephitic Cloud        Conj/Pois/Air  24%        N/A       1%          3

Your spell library contained the following spells:

 Spells                   Type           Power      Damage    Failure   Level
 Apportation              Tloc           58%        N/A       1%          1
 Lesser Beckoning         Tloc           58%        N/A       1%          2
 Gell's Gravitas          Tloc           29%        N/A       1%          3
 Teleport Other           Tloc           29%        N/A       1%          3
 Volatile Blastmotes      Fire/Tloc      52%        2d14      1%          3
 Portal Projectile        Hex/Tloc       36%        N/A       8%          3
 Summon Small Mammal      Summ           28%        N/A       10%         1
 Starburst                Conj/Fire      14%        6d6       21%         6
 Call Canine Familiar     Summ           7%         N/A       30%         3
 Summon Guardian Golem    Hex/Summ       7%         N/A       30%         3
 Leda's Liquefaction      Hex/Erth       3%         N/A       69%         4
 Summon Ice Beast         Ice/Summ       7%         N/A       69%         4
 Alistair's Intoxication  Tmut/Pois      4%         N/A       95%         5
 Summon Mana Viper        Hex/Summ       7%         N/A       95%         5
 Monstrous Menagerie      Summ           3%         N/A       100%        7
 Lehudib's Crystal Spear  Conj/Erth      11%        10d4      100%        8
 Animate Armour           Summ/Erth      Unusable   N/A       N/A         4

Dungeon Overview and Level Annotations

Branches:
Dungeon (10/15) Zot: 25060  Temple (1/1) D:6 Zot: 5861    Lair (5/5) D:8 Zot: 21799
 Shoals (0/4) Lair:2       Spider (0/4) Lair:2        Slime (0/5) Lair:4
 Bailey (visited)
    Orc: D:9-12

Altars:
Ashenzari
Cheibriados
Dithmenos
Elyvilon
Fedhas
Gozag
Hepliaklqana
Kikubaaqudgha
Makhleb
Nemelex Xobeh
Okawaru
Qazlal
Ru
Sif Muna
Trog
Uskayaw
Vehumet
Wu Jian
Xom
Yredelemnul
Zin
The Shining One
Jiyva

Annotations:
D:1 1 transporter
D:6 1 exclusion
D:9 Grum
D:10 Maurice, Nergalle
Lair:2 Harold
Lair:3 Nessos
Lair:5 Kirke


Innate Abilities, Weirdness & Mutations

You are a filthy swine.
You move quickly.
Your equipment is almost entirely melded.
You are incapable of wielding weapons or throwing items.
You cannot cast spells.
((You can breathe wild blasts of lightning.))
((Your glossy black scales are hard. (AC +9)))
You cannot fit into any form of body armour.
((Your large and strong wings let you fly.))
((You are resistant to electric shocks. (rElec)))
((You are cold-blooded and may be slowed by cold attacks.))


Message History

Why would you want to do that?
Unknown command.
Unknown command.
Okay, then.
Unknown command.
You can't do that in your present form.
Unknown command.
You can't do that in your present form.
Unknown command.
Okay, then.
Unknown command.
Okay, then.
Unknown command.
You can't do that in your present form.
Unknown command.
You can't wield anything in your present form.
Unknown command.
Unknown command.
Okay, then.
Unknown command.
As you read the scroll of teleportation, it crumbles to dust.
You feel strangely unstable.
You feel sick. The black mamba misses you. The elephant tramples you.
You hold your ground!
The elephant misses you. The elephant tramples you.
You hold your ground!
The elephant closely misses you. The polar bear bites you.
The polar bear claws you. The polar bear barely misses you.
The yak closely misses you. The yak misses you. The black mamba bites you!
* * * LOW HITPOINT WARNING * * *
You hit the polar bear but do no damage.
The polar bear is severely wounded.
You feel sick. The polar bear misses you. The polar bear closely misses you.
The polar bear completely misses you. The elephant barely misses you.
The elephant misses you. x2; The elephant trunk-slaps you.
* * * LOW HITPOINT WARNING * * *
The black mamba misses you. The yak gores you.
* * * LOW HITPOINT WARNING * * *
The yak gores you!
* * * LOW HITPOINT WARNING * * *
You feel better. The polar bear bites you!!
You die...

#§.≈#§§≈≈.......# ###
##.≈§≈≈≈≈.§#....# # ####.#
######.§§≈≈≈≈..#....# #
#....####..##..§§≈≈≈≈.......##
#
#..............§≈≈≈≈≈........#
##.#...#..#.##§§§≈≈≈≈........#
###.....#####.§§§§§≈.......##
## ###....## #hS§§≈≈§§..#.....#
.#
#.#...#######hY§..§§.......##
.#
##......##.#YYY.÷....#......#
.# #...................#.....##
## ##..#..............##.....#
# ####..............##.#...#
#########..........†...###....#
P...##.##..............###...##
..................)..........##
..P.##.###....................#


You could see 2 elephants, a polar bear (berserk), a black mamba and 2 yaks.

Vanquished Creatures
  2 hydras (Lair:4)
  Fannar (Lair:1)
  Erica (D:7)
  2 death yaks
  7 black mambas
  A molten gargoyle (Lair:4)
  A torpor snail (Lair:1)
  11 elephants
  Maggie (D:7)
  7 cane toads
  4 rime drakes
  4 komodo dragons
  3 trolls
  2 polar bears
  12 blink frogs
  Prince Ribbit (D:7)
  A snapping turtle (Lair:1)
  11 dream sheep
  A shadow (D:10)
  A fire elemental (Lair:4)
  24 yaks
  3 fire bats (Lair:4)
  3 basilisks
  3 wyverns
  A hog (Lair:4)
  An acid dragon (D:8)
  12 water moccasins
  Duvessa (D:7)
  4 orc warriors
  A black bear (D:6)
  A sky beast (D:7)
  2 ogres
  An ice beast (D:6)
  12 wolves
  2 centaurs (D:9)
  A phantom (D:5)
  6 kobold brigands
  9 bullfrogs
  Dowan (D:7)
  2 electric eels (Lair:2)
  5 howler monkeys
  2 jellies (D:5)
  4 gnoll boudas
  5 orc priests
  5 hounds
  5 iguanas
  Jessica (D:2)
  4 orc wizards
  15 gnolls
  8 adders
  A white imp (D:8)
  An ufetubus (D:6)
  A worm (D:2)
  20 orcs
  5 endoplasms
  3 giant cockroaches (D:2)
  11 goblins
  7 hobgoblins
  6 jackals
  6 quokkas
  6 ball pythons
  2 bats
  4 frilled lizards
  32 kobolds
  8 rats
  2 foxfires (Lair:3)
333 creatures vanquished.

Vanquished Creatures (collateral kills)
  An orc warrior (Bailey)
  5 foxfires
6 creatures vanquished.

Vanquished Creatures (others)
  An orc (D:7)
  266 foxfires
267 creatures vanquished.

Grand Total: 606 creatures vanquished

Notes
Turn   | Place    | Note
-------+----------+-------------------------------------------
     0 | D:5      | Twinkles the Draconian Delver began the quest for the Orb.
     0 | D:5      | Reached XP level 1. HP: 19/19 MP: 1/1
   175 | D:5      | Noticed a phantom
   228 | D:3      | Reached XP level 2. HP: 25/26 MP: 2/2
   338 | D:2      | Found a faded altar of an unknown god.
   445 | D:1      | HP: 9/27 [goblin/+0 club (3)]
   469 | D:1      | HP: 9/27 [bat (1)]
   484 | D:1      | HP: 9/27 [hobgoblin (3)]
   488 | D:1      | Reached XP level 3. HP: 13/33 MP: 3/3
   567 | D:1      | Found a transporter.
   673 | D:1      | Reached skill level 4 in Fighting
  1374 | D:2      | Reached XP level 4. HP: 36/41 MP: 4/4
  1473 | D:2      | Noticed Jessica
  1507 | D:2      | Killed Jessica
  2645 | D:4      | Reached XP level 5. HP: 47/47 MP: 5/5
  2771 | D:4      | Reached skill level 5 in Fighting
  2840 | D:4      | Reached skill level 1 in Staves
  2943 | D:4      | Found a hide-covered altar of Uskayaw.
  3142 | D:4      | Found a sacrificial altar of Ru.
  3280 | D:5      | Reached XP level 6. HP: 56/56 MP: 6/6
  3782 | D:6      | Noticed a steam dragon
  3892 | D:5      | Reached skill level 6 in Fighting
  3897 | D:5      | Your scales start taking on a glossy black colour.
  3897 | D:5      | Reached XP level 7. HP: 32/63 MP: 7/7
  3897 | D:5      | Gained mutation: You are resistant to electric shocks.
                  | (rElec) [Black Draconian growth]
  4358 | D:6      | Reached skill level 5 in Dodging
  4454 | D:6      | Found a staircase to the Ecumenical Temple.
  4460 | Temple   | Entered the Ecumenical Temple
  4579 | Temple   | Became a worshipper of Vehumet
  4651 | D:6      | Found an iron altar of Okawaru.
  4678 | D:6      | Reached skill level 7 in Fighting
  4678 | D:6      | Reached XP level 8. HP: 44/73 MP: 8/8
  5439 | D:7      | Noticed Maggie
  5489 | D:7      | Killed Maggie
  5490 | D:7      | Reached skill level 5 in Staves
  5703 | D:7      | Noticed Duvessa
  5703 | D:7      | Noticed Dowan
  5795 | D:8      | HP: 19/74 [water moccasin (7)]
  5797 | D:8      | HP: 8/74 [white imp/puff of frost (9)]
  5798 | D:8      | Reached skill level 8 in Fighting
  5800 | D:8      | Reached * piety under Vehumet
  5800 | D:8      | Offered knowledge of Foxfire by Vehumet.
  6044 | D:8      | Learned a level 1 spell: Foxfire
  6072 | D:7      | Killed Duvessa
  6079 | D:7      | Reached skill level 1 in Fire Magic
  6079 | D:7      | Reached XP level 9. HP: 33/81 MP: 9/9
  6087 | D:7      | HP: 14/81 [Dowan/shard of ice (19)]
  6089 | D:7      | Killed Dowan
  6495 | D:7      | Noticed Prince Ribbit
  6522 | D:7      | Killed Prince Ribbit
  6523 | D:7      | Reached skill level 1 in Spellcasting
  7221 | D:8      | Noticed Erica
  7497 | D:7      | HP: 27/82 [Erica/+1 scimitar of flaming (5)]
  7501 | D:7      | Killed Erica
  7502 | D:7      | Reached skill level 9 in Fighting
  7941 | D:8      | Found a staircase to the Lair.
  8003 | D:8      | Noticed a troll
  8124 | D:8      | Found a white marble altar of Elyvilon.
  8175 | D:8      | Killed a troll
  8176 | D:8      | Reached XP level 10. HP: 91/91 MP: 15/15
  8363 | D:9      | Found a flagged portal.
  8569 | Bailey   | Entered a bailey
  8662 | Bailey   | HP: 32/92 [kobold brigand/+0 war axe (4)]
  8672 | Bailey   | HP: 18/92 [kobold brigand/+0 war axe (4)]
  9043 | Bailey   | Reached ** piety under Vehumet
  9053 | Bailey   | Found a bloodstained altar of Trog.
  9282 | D:9      | Found a hazy altar of Hepliaklqana.
  9381 | D:9      | Noticed a two-headed ogre
  9563 | D:9      | Offered knowledge of Shock by Vehumet.
  9566 | D:9      | Learned a level 1 spell: Shock
  9591 | D:9      | Noticed Grum
  9728 | D:9      | Found a blossoming altar of Fedhas.
  9729 | D:9      | Found a shimmering blue altar of Sif Muna.
 10207 | D:9      | Reached skill level 10 in Fighting
 10207 | D:9      | Reached skill level 1 in Conjurations
 10207 | D:9      | Reached skill level 1 in Air Magic
 10219 | D:10     | Entered Level 10 of the Dungeon
 10441 | D:10     | Noticed Nergalle
 10487 | D:10     | HP: 28/93 [shot self (7)]
 11177 | D:10     | Noticed Maurice
 11839 | D:10     | Offered knowledge of Momentum Strike by Vehumet.
 12066 | Lair:1   | Entered Level 1 of the Lair of Beasts
 12142 | Lair:1   | Reached XP level 11. HP: 69/101 MP: 17/17
 12620 | Lair:1   | Reached *** piety under Vehumet
 12621 | Lair:1   | Reached skill level 11 in Fighting
 12621 | Lair:1   | Reached skill level 5 in Air Magic
 12687 | Lair:1   | Noticed a death yak
 12734 | Lair:1   | Noticed a death yak
 12763 | D:8      | Killed a death yak
 12862 | Lair:1   | Killed a death yak
 13761 | Lair:2   | Noticed Fannar
 13868 | Lair:2   | Reached skill level 12 in Fighting
 13868 | Lair:2   | Reached skill level 10 in Dodging
 13868 | Lair:2   | Reached skill level 5 in Spellcasting
 13868 | Lair:2   | Reached XP level 12. HP: 112/112 MP: 17/20
 13869 | Lair:2   | Reached skill level 13 in Fighting
 13869 | Lair:2   | Reached XP level 13. HP: 122/122 MP: 17/24
 13870 | Lair:2   | Reached skill level 14 in Fighting
 13870 | Lair:2   | Gained mutation: Your large and strong wings let you fly.
                  | [Black Draconian growth]
 13870 | Lair:2   | Reached XP level 14. HP: 132/132 MP: 17/26
 13990 | Lair:2   | Reached skill level 1 in Translocations
 14439 | Lair:2   | Found a hole to the Spider Nest.
 14587 | Lair:2   | Noticed Harold
 14801 | Lair:1   | Killed Fannar
 15160 | Lair:2   | Found a staircase to the Shoals.
 15695 | Lair:3   | Noticed Nessos
 15712 | Lair:3   | HP: 46/132 [cane toad (6)]
 15715 | Lair:3   | Reached skill level 5 in Translocations
 15943 | Lair:4   | HP: 40/132 [molten gargoyle/+0 mace (10)]
 16528 | Lair:4   | Found a viscous altar of Jiyva.
 16543 | Lair:4   | Found a staircase to the Slime Pits.
 16590 | Lair:4   | Offered knowledge of Ignite Poison by Vehumet.
 16613 | Lair:4   | HP: 44/132 [elephant (12)]
 16619 | Lair:4   | HP: 36/132 [elephant (10)]
 16627 | Lair:4   | HP: 21/132 [elephant (10)]
 16634 | Lair:4   | HP: 10/132 [elephant (8)]
 16640 | Lair:4   | HP: 15/132 [elephant (3)]
 16975 | Lair:4   | Learned a level 4 spell: Iskenderun's Mystic Blast
 16979 | Lair:4   | Learned a level 3 spell: Stone Arrow
 16983 | Lair:4   | Learned a level 3 spell: Dazzling Flash
 17000 | Lair:4   | Learned a level 4 spell: Airstrike
 17004 | Lair:4   | Learned a level 3 spell: Swiftness
 17926 | Lair:3   | Reached **** piety under Vehumet
 18152 | Lair:4   | Offered knowledge of Mephitic Cloud by Vehumet.
 18166 | Lair:4   | Learned a level 3 spell: Mephitic Cloud
 18337 | Lair:5   | Entered Level 5 of the Lair of Beasts
 19495 | Lair:4   | Reached XP level 15. HP: 124/139 MP: 28/28
 19546 | Lair:5   | Noticed Kirke
 20331 | Lair:4   | HP: 44/139 [polar bear (6)]
 20332 | Lair:4   | HP: 13/139 [yak[a torpor snail] (15)]
 20333 | Lair:4   | Mangled by a polar bear

Illustrated notes

Levels and vault maps discovered:
D:1:      spicycebolla_arrival_risky_transporter, layout_rooms
D:2:      layout_loops_cross, hellmonk_ecumenical_altar_lost_god,
          kennysheep_generic_room_10, uniq_jessica
D:3:      kennysheep_six_static_rooms, layout_basic,
          chequers_serial_rivers_small_b
D:4:      layout_rooms, mainiacjoe_overflow_small_starburst,
          mainiacjoe_overflow_surrounded_room
D:5:      layout_loops_ring, chequers_mini_garden, hangedman_minor_gate_pass
D:6:      layout_rooms, okawaru_trees_1, minmay_temple_entry_drinking_statues
D:7:      layout_basic, serial_glass, glass_columns_b, glass_columns_a,
          minmay_misc_feat_doors, nicolae_kite_square_tiling_tiny,
          nicolae_figureground_sparkle, uniq_duvessa, uniq_maggie,
          uniq_prince_ribbit1
D:8:      layout_cave_pools, nicolae_elyvilon_peaceful_grove, lair_entry_dummy,
          uniq_erica
D:9:      layout_loops_ring, mainiacjoe_overflow_catwalk,
          chequers_temple_overflow_statue_of_worship, enter_bailey_5, uniq_grum
D:10:     layout_cave_pods, hangedman_abyss_or_decor_clamps, uniq_maurice,
          uniq_nergalle
Temple:   nicolae_temple_superstar
Lair:1:   layout_regular_city
Lair:2:   layout_gridlike, minmay_shoals_entry_hut, spider_nest_entry_web_field,
          uniq_harold, uniq_fannar
Lair:3:   nzn_winding_woodlands_three_and_one
          [nzn_winding_woodlands_5x15_jagged,
          nzn_winding_woodlands_5x15_crooked,
          nzn_winding_woodlands_5x15_lazy_stream,
          nzn_winding_woodlands_center_diamonds], layout_cave_pods,
          grunt_forest_stairs_basic, pf_torpor_hydra, uniq_nessos
Lair:4:   layout_gridlike, dpeg_slime_entry_corner,
          nicolae_volcano_entry_batcave
Lair:5:   guppyfry_lair_end_dragon, layout_hall_layers,
          hangedman_lair_tendril_chambers, uniq_snorg, uniq_kirke

Skill      XL: |  1  2  3  4  5  6  7  8  9 10 11 12 13 14 15 |
---------------+----------------------------------------------+-----
Dodging        | 2 3 4 5 6 7 8 10 | 10.8
Fighting       | 4 5 6 7 8 9 10 12 13 14 | 14.9
Staves         | 1 2 4 5 |  5.9
Fire Magic     | 1 4 |  4.8
Spellcasting   | 3 4 5 7 8 9 |  9.1
Conjurations   | 3 6 8 9 |  9.2
Air Magic      | 4 5 6 7 |  7.0
Translocations | 6 |  6.9
Short Blades   | |  2.4
Stealth        | |  4.5

Action                     |  1- 3 |  4- 6 |  7- 9 | 10-12 | 13-15 || total
---------------------------+-------+-------+-------+-------+-------++-------
  Melee: Short sword       |    37 |       |       |       |       ||    37
         Tailslap          |    15 |    18 |    50 |    42 |    58 ||   183
         Lajatang          |    89 |   164 |   164 |       |       ||   417
         Quarterstaff      |       |       |    73 |   305 |   254 ||   632
         Unarmed           |       |       |       |       |     1 ||     1
  Throw: Dart              |       |       |       |     1 |       ||     1
   Cast: Foxfire           |       |       |     3 |    72 |    77 ||   152
         Shock             |       |       |       |    15 |    26 ||    41
         Airstrike         |       |       |       |       |    95 ||    95
         Stone Arrow       |       |       |       |       |    30 ||    30
         Iskenderun's Myst |       |       |       |       |     5 ||     5
         Mephitic Cloud    |       |       |       |       |     1 ||     1
         Swiftness         |       |       |       |       |     1 ||     1
         Dazzling Flash    |       |       |       |       |     1 ||     1
Ability: Breathe Lightning |       |       |    11 |    31 |    21 ||    63
  Evoke: Wand              |       |       |     9 |     2 |     3 ||    14
    Use: Scroll            |     1 |       |     5 |     3 |     4 ||    13
         Potion            |       |       |     3 |     2 |     3 ||     8
   Stab: Sleeping          |     7 |     7 |     4 |     4 |     1 ||    23
         Distracted        |     1 |       |       |       |       ||     1
 Armour: Skin              |    63 |    57 |    93 |   120 |   188 ||   521
  Dodge: Dodged            |   120 |   135 |   248 |   313 |   389 ||  1205
  Block: Other             |       |       |       |    53 |   101 ||   154
